AoeStats
← NiNi

Arena

509852061Analyzed
4v4 RM · 5d ago on Sep 28, 2026· 45m 12s· 8 players
Game mode
Random Map
Map size
Large (8 player)
Population
200
Speed
Normal
Resources
Standard
Victory
Conquest
Starting age
Dark Age
Ending age
Imperial Age
RankedLock teamsTeams togetherTeam positionsShared explorationLock speedFull tech treeHidden civsTurbo modeCheats
Victory
Defeat
🇬🇧 Ethiopians · United Kingdom
1240
+13
🇹🇷 Maya · Türkiye
1223
+13
🇨🇳 Wu · China
1202
+14
🇧🇦 Goths · Bosnia & Herzegovina
1154
+16
🇹🇼 Burgundians · Taiwan
1287
-18
🇹🇼 Italians · Taiwan
1197
-16
🇹🇼 Burgundians · Taiwan
1188
-15
🇹🇼 Teutons · Taiwan
979
-7
laofengzi
10:08 Feudal Age
14:12 Castle Age
12:07 Double-Bit Axe
12:46 Horse Collar
15:25 Bow Saw
18:49 Fletching
19:33 Padded Archer Armor
19:14 Elite Skirmisher
chakar
0:29 Loom
11:12 Feudal Age
14:50 Castle Age
12:49 Double-Bit Axe
13:21 Horse Collar
16:15 Squires
16:29 Bow Saw
19:34 Heavy Plow
20:39 Wheelbarrow
21:11 Gold Mining
21:37 Stone Mining
24:35 Hand Cart
26:29 Ballistics
29:20 Imperial Age
26:46 Fletching
27:55 Bodkin Arrow
28:10 Padded Archer Armor
28:25 Masonry
29:41 Leather Archer Armor
29:34 Thumb Ring
30:25 Conscription
29:54 Pikeman
30:35 Scale Mail Armor
31:06 Bracer
32:03 Ring Archer Armor
32:37 Chemistry
32:01 Elite Plumed Archer
33:40 Eagle Warrior
34:59 Chain Mail Armor
34:20 Elite Eagle Warrior
34:26 Elite Eagle Warrior
34:48 Halberdier
37:34 Forging
41:14 Plate Mail Armor
42:44 Arson
43:40 Iron Casting
44:54 Two-Man Saw
44:27 Crop Rotation
45:28 Blast Furnace
44:49 Guilds
44:28 Capped Ram
Leeroy Jenkins III
11:56 Feudal Age
13:09 Double-Bit Axe
15:58 Castle Age
14:24 Fletching
14:42 Gold Mining
16:05 Crossbowman
16:50 Thumb Ring
20:24 Bow Saw
22:16 Ballistics
25:34 Bodkin Arrow
28:13 Imperial Age
25:29 Loom
25:52 Padded Archer Armor
26:02 Horse Collar
28:34 Gold Shaft Mining
28:39 Leather Archer Armor
30:09 Chemistry
29:28 Arbalester
30:19 Bracer
33:18 Ring Archer Armor
38:49 Two-Man Saw
dautovic91
8:13 Loom
10:16 Feudal Age
14:50 Castle Age
12:50 Double-Bit Axe
13:13 Horse Collar
16:51 Bow Saw
21:54 Wheelbarrow
25:43 Heavy Plow
27:07 Gold Mining
27:08 Stone Mining
27:37 Fervor
31:14 Imperial Age
30:17 Forging
30:08 Scale Mail Armor
30:10 Anarchy
30:21 Squires
29:42 Pikeman
31:15 Fletching
32:03 Iron Casting
32:38 Conscription
32:10 Halberdier
33:07 Chain Mail Armor
32:16 Elite Huskarl
33:29 Perfusion
35:06 Hand Cart
34:37 Town Watch
36:00 Two-Man Saw
36:20 Blast Furnace
37:44 Bodkin Arrow
37:49 Padded Archer Armor
38:12 Ballistics
37:42 Heated Shot
37:49 Murder Holes
38:54 Chemistry
38:34 Stone Shaft Mining
37:52 Man-at-Arms
38:39 Scale Barding Armor
38:34 Bracer
40:35 Long Swordsman
41:38 Chain Barding Armor
41:30 Caravan
42:00 Coinage
41:41 Guilds
44:02 Crop Rotation
NiNi
9:25 Loom
11:11 Feudal Age
15:45 Castle Age
13:55 Double-Bit Axe
14:36 Horse Collar
17:03 Stone Mining
17:04 Gold Mining
22:36 Wheelbarrow
24:05 Hand Cart
27:55 Bow Saw
27:49 Heavy Plow
31:22 Imperial Age
29:19 Fortified Wall
29:55 Forging
29:45 Scale Mail Armor
29:08 Pikeman
31:38 Masonry
32:05 Iron Casting
31:45 Chain Mail Armor
31:36 Scale Barding Armor
31:52 Bloodlines
32:51 Crenellations
32:58 Padded Archer Armor
32:49 Fletching
32:47 Elite Skirmisher
35:22 Two-Man Saw
33:59 Elite Teutonic Knight
34:42 Cavalier
36:23 Conscription
38:35 Blast Furnace
38:05 Plate Mail Armor
41:44 Halberdier
42:24 Squires
bubu09
11:20 Feudal Age
15:05 Castle Age
12:53 Double-Bit Axe
12:51 Horse Collar
14:46 Bow Saw
19:36 Husbandry
19:30 Cavalier
21:57 Wheelbarrow
25:13 Heavy Plow
26:46 Scale Barding Armor
26:52 Forging
28:57 Gold Mining
29:36 Chain Barding Armor
29:52 Iron Casting
31:25 Two-Man Saw
33:39 Stone Mining
34:42 Loom
35:12 Hand Cart
40:04 Gold Shaft Mining
oioi55669
10:33 Feudal Age
10:55 Loom
14:19 Castle Age
12:06 Double-Bit Axe
12:11 Loom
13:03 Horse Collar
17:01 Bow Saw
20:58 Fletching
24:34 Imperial Age
25:20 Bodkin Arrow
27:09 Bracer
34:05 Padded Archer Armor
35:41 Forging
35:31 Scale Mail Armor
38:01 Wheelbarrow
38:24 Squires
39:03 Iron Casting
38:43 Chain Mail Armor
38:07 Man-at-Arms
38:49 Long Swordsman
39:30 Two-Handed Swordsman
40:29 Gold Mining
40:40 Champion
42:37 Blast Furnace
42:07 Plate Mail Armor
43:40 Heavy Plow
43:16 Pikeman
古特
5:06 Double-Bit Axe
6:25 Loom
10:39 Feudal Age
13:04 Bow Saw
15:38 Castle Age
33:31 Wheelbarrow
34:51 Masonry
Connection lost

Rejoining the realm…

Still unreachable

The connection could not be restored.

Session expired

The server has moved on; the page needs a fresh start.